 Dungeon Crawl Stone Soup version 0.31-a0-167-g1c394c0614 (webtiles) character file.

Game seed: 14912711727681043599

70 Anon1729 the Trooper (level 4, -3/33 (40) HPs)
             Began as a Minotaur Monk on June 14, 2023.
             Slain by a wight
             ... wielding a +5 flail of freezing
              (8 damage)
             ... on level 4 of the Dungeon.
             The game lasted 00:01:21 (1896 turns).

Anon1729 the Trooper (Minotaur Monk)                Turns: 1896, Time: 00:01:21

HP:   -3/33 (40)    AC: 11    Str: 15    XL:     4   Next: 4%
MP:   4/4           EV:  5    Int:  7    God:
Gold: 152           SH:  5    Dex: 15    Spells: 3/3 levels left

rFire   + + .        a - +0 short sword
rCold   . . .        d - orb {light}
rNeg    . . .        r - +1 plate armour
rPois   .            (helmet restricted)
rElec   .            (no cloak)
rCorr   .            (no gloves)
SInv    .            (no boots)
Will    .....        j - amulet of reflection Stlth
                     f - ring of protection from fire
HPRegen 0.25/turn    q - ring of protection from fire
MPRegen 0.09/turn

%: reflection
@: glowing, heavily drained
A: horns 2, retaliatory headbutt
a: no special abilities


You were on level 4 of the Dungeon.
You visited 1 branch of the dungeon, and saw 4 of its levels.

You collected 152 gold pieces.

Inventory:

Hand Weapons
 a - a +0 short sword (weapon)
Armour
 b - a +0 robe
 d - an orb of light (worn)
 r - a +1 plate armour (worn)
Jewellery
 f - a ring of protection from fire (left hand)
 j - an amulet of reflection (around neck)
 q - a ring of protection from fire (right hand)
Scrolls
 h - a scroll of blinking {unknown}
 i - a scroll of enchant weapon {unknown}
 n - a scroll of noise {unknown}
 o - a scroll of teleportation {unknown}
 p - a scroll of amnesia {unknown}
Potions
 c - a potion of ambrosia
 e - a potion of curing {unknown}
 k - a potion of degeneration {unknown}
 l - a potion of haste {unknown}
 m - 2 potions of enlightenment {unknown}


   Skills:
 + Level 4.2 Fighting
 + Level 3.8 Short Blades
 + Level 1.7 Armour
 + Level 3.7 Dodging
 + Level 1.3 Invocations


You had 3 spell levels left.
You didn't know any spells.
Your spell library contained the following spells:

 Spells                   Type           Power      Damage    Failure   Level
 Cigotuvi's Dreadful Rot  Necr/Pois/Air  0%         N/A       100%        2
 Dazzling Flash           Conj/Hex       0%         N/A       100%        3
 Ignite Poison            Fire/Tmut/Pois 0%         N/A       100%        3
 Volatile Blastmotes      Fire/Tloc      0%         2d10      100%        3
 Animate Dead             Necr           0%         N/A       100%        4
 Iskenderun's Mystic Bla  Conj/Tloc      0%         2d3       100%        4
 Borgnjor's Vile Clutch   Necr/Erth      0%         N/A       100%        5
 Freezing Cloud           Conj/Ice/Air   0%         6-21      100%        5
 Death Channel            Necr           0%         N/A       100%        6
 Starburst                Conj/Fire      0%         6d3       100%        6


Dungeon Overview and Level Annotations

Branches:
Dungeon (4/15)
 Temple: D:4-7

Altars:
Elyvilon
Gozag
The Shining One


Innate Abilities, Weirdness & Mutations

You have a pair of horns on your head.
You reflexively headbutt those who attack you in melee.


Message History

You headbutt the wight, but do no damage.
The wight is lightly damaged.
You barely miss the wight. You headbutt the wight.
The wight is moderately damaged.
The wight hits you with a +0 dagger.
You hit the wight but do no damage.
The wight is moderately damaged.
You block the wight's attack.
You hit the wight but do no damage.
The wight is moderately damaged.
You block the wight's attack. The wight barely misses you.
You furiously retaliate!
You headbutt the wight. You block the wight's attack.
You hit the wight but do no damage.
The wight is heavily damaged.
The wight hits you with a +0 dagger.
You feel drained. The wight completely misses you.
You hit the wight.
The wight is almost destroyed.
You hit the wight but do no damage. Your headbutt misses the wight.
The wight is almost destroyed.
The wight hits you with a +0 dagger.
You feel drained. The wight barely misses you.
The wight hits you with a +0 dagger.
You feel drained.
The wight hits you with a +4 long sword.
You are too injured to fight recklessly!
You are too injured to fight recklessly!
There are monsters nearby!
There are monsters nearby!
The wight hits you with a +2 battleaxe!
* * * LOW HITPOINT WARNING * * *
As you read the scroll labelled JAHUON ZANAE, it crumbles to dust.
It is a scroll of enchant armour.
Your +0 plate armour glows green for a moment.
The wight hits you with a +0 dagger.
* * * LOW HITPOINT WARNING * * *
You feel drained. The wight hits you with a +2 battleaxe.
* * * LOW HITPOINT WARNING * * *
You block the wight's attack.
The wight hits you with a +5 flail of freezing!
You die...

##.####.. .........###
#.<...... ..#....####
#........ #.... ###...#.#
....#...# #...# ##.......
.[......# #..###........
........####..#...#.....#
.......z#.###.....##.##..
#......zz...#......#....#
####...z@............####
##..z?...........#####
#.............#..#....#
#............##..#.._.#
.............####.......
.........)...... #...#)..
......#.........###..†...
......###........#......
...# #...............


You could see 5 wights.

Vanquished Creatures
  An adder (D:3)
  2 worms (D:3)
  2 dart slugs (D:1)
  2 orcs
  6 ball pythons
  2 bats
  6 endoplasms
  3 giant cockroaches
  4 goblins
  2 hobgoblins
  4 jackals (D:1)
  3 quokkas
  5 kobolds
  3 rats
45 creatures vanquished.

Notes
Turn   | Place    | Note
-------+----------+-------------------------------------------
     0 | D:1      | Anon1729 the Minotaur Monk began the quest for the Orb.
     0 | D:1      | Reached XP level 1. HP: 19/19 MP: 0/0
   108 | D:1      | Reached XP level 2. HP: 19/27 MP: 1/1
   242 | D:1      | Reached skill level 1 in Armour
   561 | D:1      | Reached skill level 1 in Invocations
   561 | D:1      | Reached XP level 3. HP: 28/33 MP: 2/2
   667 | D:2      | Found a faded altar of an unknown god.
   706 | D:2      | Reached skill level 4 in Fighting
  1718 | D:3      | Found a glowing golden altar of the Shining One.
  1767 | D:3      | You fall into a shaft and drop 1 floor!
  1767 | D:4      | Found a white marble altar of Elyvilon.
  1818 | D:4      | Reached XP level 4. HP: 39/40 MP: 4/4
  1821 | D:4      | Found an opulent altar of Gozag.
  1896 | D:4      | Slain by a wight

Illustrated notes

Levels and vault maps discovered:
D:1:      nzn_arrival_water_spiral, layout_loops_ring
D:2:      layout_loops_ring, chequers_ecumenical_altar_island,
          minmay_splitting_lines
D:3:      layout_loops_ring, nicolae_tso_swordbearing_angel,
          hangedman_decor_points
D:4:      layout_cave_pools, lemuel_crystal_altar, nicolae_gozag_seed_capital,
          lemuel_coloured_pillars_altar, uniq_pikel

Skill      XL: |  1  2  3 |
---------------+----------+-----
Armour         | 1 |  1.7
Invocations    | 1 |  1.3
Fighting       | 4 |  4.2
Short Blades   | |  3.8
Dodging        | |  3.7

Action                     |  1- 3 |  4- 6 || total
---------------------------+-------+-------++-------
  Melee: Short sword       |    88 |    13 ||   101
         Headbutt          |    23 |     6 ||    29
    Use: Scroll            |       |     1 ||     1
 Armour: Robe              |     6 |     1 ||     7
  Dodge: Dodged            |    44 |     4 ||    48
  Block: Orb               |     5 |     5 ||    10

Table legend: (Time is in decaauts)
 A = Elapsed time spent in this place.
 B = Non-inter-level travel time spent in this place.
 C = Inter-level travel time spent in this place.
 D = Time resting spent in this place.
 E = Time spent auto-exploring this place.
 F = Levels seen in this place.
 G = Mean time per level.
                   A        B        C        D        E       F      G
               +--------+--------+--------+--------+--------+-----+--------+
         Total |   1883 |   1851 |     32 |      0 |   1577 |   4 |  470.8 |
       Dungeon |   1883 |   1851 |     32 |      0 |   1577 |   4 |  470.8 |
               +--------+--------+--------+--------+--------+-----+--------+

Top non-repeatable levels by time:
     D:2: 662 daAuts
     D:1: 556 daAuts
     D:3: 538 daAuts
     D:4: 125 daAuts
